 Dungeon Crawl Stone Soup version 0.31.0-11-ge490571c62 (webtiles) character file.

Game seed: 16336516002262964338

9 dialectric the Sneak (level 2, -4/19 HPs)
             Began as a Gargoyle Delver on Jan 31, 2024.
             Slain by a water moccasin (5 damage)
             ... on level 5 of the Dungeon.
             The game lasted 00:00:03 (28 turns).

dialectric the Sneak (Gargoyle Delver)                Turns: 28, Time: 00:00:03

Health: -4/19      AC:  5    Str: 15    XL:     2   Next: 12%
Magic:  2/2        EV: 11    Int: 10    God:
Gold:   0          SH:  0    Dex: 11    Spells: 1/1 levels left

rFire   . . .        a - +0 short sword
rCold   . . .        (no shield)
rNeg    + . .        b - +0 leather armour
rPois   ∞            (no helmet)
rElec   +            (no cloak)
rCorr   .            (no gloves)
SInv    .            (no boots)
Will    .....        (no amulet)
Stlth   +++          (no ring)
HPRegen 0.23/turn    (no ring)
MPRegen 0.08/turn

%: no passive effects
@: no status effects
A: sickness immunity, AC +2, negative energy resistance 1, electricity
resistance, torment resistance 1, petrification resistance
a: no special abilities


You were on level 5 of the Dungeon.
You visited 1 branch of the dungeon, and saw 1 of its levels.

Inventory:

Hand Weapons
 a - a +0 short sword (weapon)
Armour
 b - a +0 leather armour (worn)
Wands
 g - a wand of digging (3)
Scrolls
 c - a scroll of fog
 d - a scroll of revelation
 e - a scroll of fear
Potions
 f - a potion of haste


   Skills:
 + Level 3.3 Fighting
 + Level 1.8 Short Blades
 + Level 1.6 Dodging
 + Level 5.8 Stealth


You had one spell level left.
You didn't know any spells.
Your spell library was empty.

Dungeon Overview and Level Annotations

Branches:
Dungeon (5/15)
 Temple: D:4-7

Altars:


Innate Abilities, Weirdness & Mutations

You are immune to sickness and miasma.
Your stone body is resilient. (AC +2)
You are immune to poison.
You resist negative energy. (rN+)
You are resistant to electric shocks. (rElec)
You are resistant to unholy torment.
You are immune to petrification.


Message History

The adder is moderately wounded.
The adder closely misses you.
You hit the adder.
The adder is heavily wounded.
The adder barely misses you. The adder bites you but does no damage.
You miss the adder.
The adder is heavily wounded.
The adder barely misses you.
You hit the adder.
The adder is almost dead.
The water moccasin bites you. The adder closely misses you.
You closely miss the adder.
The adder is almost dead.
The water moccasin bites you. The adder bites you but does no damage.
The water moccasin bites you but does no damage.
You hit the adder.
You kill the adder!
The water moccasin bites you.
You have reached level 2!
The water moccasin attacks as it pursues you!
The water moccasin bites you. The water moccasin closely misses you.
You hit the water moccasin but do no damage.
The water moccasin bites you.
You hit the water moccasin.
The water moccasin is lightly wounded.
The water moccasin misses you. The water moccasin closely misses you.
You hit the water moccasin.
The water moccasin is moderately wounded.
An adder comes into view.
The water moccasin bites you.
* * * LOW HITPOINT WARNING * * *
The adder hisses angrily.
You hit the water moccasin.
The water moccasin is moderately wounded.
The water moccasin bites you but does no damage.
You barely miss the water moccasin.
The water moccasin is moderately wounded.
The water moccasin bites you.
You die...

##### #...# ###...###
#.......##############
#.....S....@S...?....#
#.......######.†......
##.....## #.......#
###..>..####.........!.
#.............#.......#
....#.....####..#....>..#
..# #.....# #. #.......#
# ........# #. ###......
#.###.#.# # ..###.


You could see a water moccasin and an adder.

Vanquished Creatures
  An adder (D:5)
1 creature vanquished.

Notes
Turn   | Place    | Note
-------+----------+-------------------------------------------
     0 | D:5      | dialectric the Gargoyle Delver began the quest for the Orb.
     0 | D:5      | Reached XP level 1. HP: 14/14 MP: 1/1
    13 | D:5      | Noticed a water moccasin
    21 | D:5      | Reached XP level 2. HP: 10/19 MP: 2/2
    28 | D:5      | Slain by a water moccasin

Illustrated notes

Levels and vault maps discovered:
D:5:      layout_loops_ring, dancing_weapons_uskayaw,
          minmay_temple_entry_offerings, uniq_crazy_yiuf_cottage

Action                     || total
---------------------------++-------
  Melee: Short sword       ||    11
 Armour: Leather armour    ||    11
  Dodge: Dodged            ||     7
